[Event "15th Avicenna Open Masters 2018"]
[Site "Avicenna"]
[Date "2018.08.17"]
[Round "1"]
[White "Mosadeghpour, Masoud"]
[Black "Hakemi, Arman"]
[Result "1-0"]
[ECO "B96"]
[WhiteElo "2525"]
[BlackElo "2245"]
[Annotator "ChessBase"]
[PlyCount "123"]
[EventDate "2018.08.17"]
[EventType "swiss"]
[EventCountry "IRI"]
[SourceTitle "playchess.com"]
[Source "ChessBase"]
[SourceQuality "1"]
[TimeControl "5400+30"]

1. e4 c5 2. Nf3 d6 3. d4 cxd4 4. Nxd4 Nf6 5. Nc3 a6 6. Bg5 e6 7. f4 h6 8. Bh4 Qb6 9. a3 Be7 10. Bf2 Qc7 11. Qf3 Nbd7 12. O-O-O b5 13. g4 Bb7 14. Qe2 g5 15. f5 e5 16. Nb3 Bc6 17. h4 Rg8 18. hxg5 hxg5 19. Bg2 Nb6 20. Na5 Rc8 21. Nxc6 Qxc6 22. Rh3 Nc4 23. Rdd3 a5 24. Nd5 b4 25. Bf1 Qb7 26. a4 Qc6 27. b3 Na3 28. Rd2 Nxd5 29. exd5 Qc7 30. Qa6 Bd8 31. Bb5+ Nxb5 32. Qxb5+ Kf8 33. Qa6 Kg7 34. Qd3 Bf6 35. Bg1 Rh8 36. Rdh2 Rxh3 37. Rxh3 Rh8 38. Rxh8 Kxh8 39. Qc4 Qe7 40. Qe4 Qc7 41. Kd1 Kg7 42. Be3 Qd8 43. Ke2 Qc7 44. Qc4 Qd8 45. Kd3 Qh8 46. Qe4 Qc8 47. c4 bxc3 48. Kc2 Qh8 49. Kxc3 Qh2 50. Bb6 Qg3+ 51. Kc4 Qh3 52. Bxa5 Qf1+ 53. Kb4 Qf2 54. Ka3 Qf4 55. Qc4 e4 56. Bb6 Qxg4 57. a5 Qxf5 58. a6 Qe5 59. a7 Qa1+ 60. Kb4 Bb2 61. Kb5 Qa3 62. Qa4 1-0

[Event "15th Avicenna Open Masters 2018"]
[Site "Avicenna"]
[Date "2018.08.17"]
[Round "1"]
[White "Lorparizangeneh, Shahin"]
[Black "Tahmasebi, Hamid"]
[Result "0-1"]
[ECO "A05"]
[WhiteElo "2497"]
[BlackElo "2231"]
[Annotator "ChessBase"]
[PlyCount "70"]
[EventDate "2018.08.17"]
[EventType "swiss"]
[EventCountry "IRI"]
[SourceTitle "playchess.com"]
[Source "ChessBase"]
[SourceQuality "1"]
[TimeControl "5400+30"]

1. Nf3 Nf6 2. d4 e6 3. Bf4 c5 4. e3 Nc6 5. Nbd2 d5 6. c3 Qb6 7. Rb1 a5 8. a4 Nh5 9. Be5 f6 10. Bg3 g5 11. Ng1 Nxg3 12. hxg3 Qc7 13. Bd3 Qg7 14. Qh5+ Kd8 15. Ne2 Bd7 16. dxc5 Bxc5 17. Nd4 Nxd4 18. exd4 Bd6 19. Ra1 g4 20. Nf1 f5 21. Ne3 Be7 22. Ke2 Be8 23. Qh6 Qg8 24. Qf4 Qf8 25. c4 h6 26. Nc2 Bg5 27. Qe5 Bd7 28. Kf1 Bf6 29. Qe3 h5 30. cxd5 exd5 31. Qf4 Rc8 32. Bxf5 Bg7 33. Bd3 Qxf4 34. gxf4 h4 35. Ke2 Rh6 0-1

[Event "15th Avicenna Open Masters 2018"]
[Site "Avicenna"]
[Date "2018.08.17"]
[Round "1"]
[White "Mousavi, Seyed Khalil"]
[Black "Khamisi, S Jafar"]
[Result "1-0"]
[ECO "D00"]
[WhiteElo "2458"]
[BlackElo "2219"]
[Annotator "RC"]
[PlyCount "61"]
[EventDate "2018.08.17"]
[EventType "swiss"]
[EventCountry "IRI"]
[SourceTitle "playchess.com"]
[Source "ChessBase"]
[SourceQuality "1"]
[TimeControl "5400+30"]

1. d4 d5 2. Bf4 Nf6 3. e3 c5 4. c3 Qb6 5. Qb3 Nc6 6. Nd2 g6 7. Qxb6 axb6 8. Bc7 Nd7 9. Bb5 Bg7 10. Ngf3 O-O 11. O-O e6 12. Rfe1 Bf6 13. a4 Bd8 14. Bd6 Be7 15. Bxe7 Nxe7 16. e4 Nb8 17. exd5 Nxd5 18. Ne4 cxd4 19. Nxd4 Na6 20. Bc4 Nac7 21. Nb5 Kg7 22. Red1 Nxb5 23. Bxb5 Nc7 24. c4 e5 25. Nc3 Be6 26. Rd6 Nxb5 27. cxb5 Rfd8 28. Rxb6 Rd2 29. Rxb7 Rxb2 30. Rc7 Rb4 31. a5 1-0

[Event "15th Avicenna Open Masters 2018"]
[Site "Avicenna"]
[Date "2018.08.17"]
[Round "1"]
[White "Tahbaz, Arash"]
[Black "Ghorbani, Hadi"]
[Result "1-0"]
[ECO "D02"]
[WhiteElo "2449"]
[BlackElo "2211"]
[Annotator "NA"]
[PlyCount "109"]
[EventDate "2018.08.17"]
[EventType "swiss"]
[EventCountry "IRI"]
[SourceTitle "playchess.com"]
[Source "ChessBase"]
[SourceQuality "1"]
[TimeControl "5400+30"]

1. d4 d5 2. Nf3 Nf6 3. c4 c6 4. Qb3 dxc4 5. Qxc4 Be6 6. Qc2 Bg4 7. Nc3 e6 8. Qb3 Qb6 9. e4 Qxb3 10. axb3 Bb4 11. Nd2 Bh5 12. f3 Bg6 13. Nc4 Nbd7 14. Be3 O-O 15. Na5 Bxa5 16. Rxa5 b6 17. Ra6 e5 18. Be2 exd4 19. Bxd4 c5 20. Be3 Nb8 21. Ra1 Nc6 22. Rd1 Rfd8 23. Kf2 Na5 24. Bc4 Nxc4 25. bxc4 Nd7 26. Rd5 Nf8 27. Rxd8 Rxd8 28. Ra1 Rd7 29. Ra6 f5 30. e5 Bf7 31. b3 Rd3 32. Nb5 Rxb3 33. Nd6 Be6 34. Rxa7 h6 35. g4 fxg4 36. f4 Rb2+ 37. Ke1 Rb1+ 38. Kd2 Rf1 39. Ra8 h5 40. Ne4 Bxc4 41. Ng3 Rb1 42. f5 Kf7 43. Ra7+ Kg8 44. Nxh5 Bf7 45. Nf4 Rb2+ 46. Kc1 Rxh2 47. Ra8 Ra2 48. Rb8 Ra3 49. Kd2 Ra2+ 50. Ke1 Ra1+ 51. Kf2 Ra2+ 52. Kg1 Ra1+ 53. Kg2 Ra4 54. Ne6 Ra2+ 55. Kg3 1-0

[Event "15th Avicenna Open Masters 2018"]
[Site "Avicenna"]
[Date "2018.08.17"]
[Round "1"]
[White "Asgarizadeh, Ahmad"]
[Black "Pilvaieh, Ali"]
[Result "1-0"]
[ECO "B24"]
[WhiteElo "2416"]
[BlackElo "2201"]
[Annotator "ChessBase"]
[PlyCount "95"]
[EventDate "2018.08.17"]
[EventType "swiss"]
[EventCountry "IRI"]
[SourceTitle "playchess.com"]
[Source "ChessBase"]
[SourceQuality "1"]
[TimeControl "5400+30"]

1. e4 c5 2. Nc3 Nc6 3. Bb5 Nd4 4. Nf3 g6 5. Nxd4 cxd4 6. Ne2 Bg7 7. O-O Nf6 8. d3 O-O 9. c3 dxc3 10. bxc3 d6 11. Ba4 Bd7 12. Bb3 Bb5 13. Rb1 Ba6 14. f4 Nd7 15. Be3 Rc8 16. c4 Qa5 17. f5 b5 18. cxb5 Bxb5 19. fxg6 hxg6 20. Bxf7+ Rxf7 21. Qb3 Bc4 22. dxc4 Rb8 23. Qc2 Rxf1+ 24. Kxf1 Rxb1+ 25. Qxb1 Nc5 26. Qc2 Be5 27. h3 Qa6 28. Nf4 Bxf4 29. Bxf4 e5 30. Be3 Qc6 31. Bxc5 Qxc5 32. Qd3 Kg7 33. Ke2 a5 34. Kf3 Kf6 35. Kg3 Ke7 36. h4 Qb4 37. Kf3 Qe1 38. g3 a4 39. Kg4 a3 40. Kg5 Kf7 41. Qd5+ Ke7 42. Qb7+ Kd8 43. Qb8+ Kd7 44. Qb7+ Kd8 45. Kf6 Qf1+ 46. Ke6 Qxc4+ 47. Kxd6 Qd4+ 48. Ke6 1-0

[Event "15th Avicenna Open Masters 2018"]
[Site "Avicenna"]
[Date "2018.08.17"]
[Round "1"]
[White "Khatibi, Meysam"]
[Black "Matinian, Nikita"]
[Result "1/2-1/2"]
[ECO "B07"]
[WhiteElo "2233"]
[BlackElo "2506"]
[Annotator "ChessBase"]
[PlyCount "139"]
[EventDate "2018.08.17"]
[EventType "swiss"]
[EventCountry "IRI"]
[SourceTitle "playchess.com"]
[Source "ChessBase"]
[SourceQuality "1"]
[TimeControl "5400+30"]

1. e4 d6 2. d4 Nf6 3. Nc3 g6 4. Bg5 Bg7 5. Qd2 h6 6. Bh4 O-O 7. f4 e5 8. Nf3 exd4 9. Qxd4 Nc6 10. Qd3 Be6 11. O-O-O Qc8 12. a3 Rb8 13. Re1 b5 14. Nd5 Bxd5 15. exd5 Na5 16. f5 Qxf5 17. Qxf5 gxf5 18. Bxf6 Bxf6 19. c3 Nc4 20. Kc2 Kg7 21. Bxc4 bxc4 22. Nd2 Rb5 23. Nxc4 Rxd5 24. Rhf1 Kg6 25. Re3 Be5 26. g3 Re8 27. b4 Re6 28. Ref3 Bf6 29. Ne3 Rde5 30. Kd3 c6 31. R1f2 h5 32. Nxf5 Re1 33. Ne3 Rc1 34. Rc2 Ra1 35. g4 h4 36. g5 Bxg5 37. Rg2 Re5 38. Nc4 Rd5+ 39. Kc2 Ra2+ 40. Nb2 Rxa3 41. Rff2 a5 42. Nc4 Ra2+ 43. Kb3 Rxf2 44. Rxf2 axb4 45. cxb4 f6 46. Na5 c5 47. b5 Rd3+ 48. Kb2 Rd2+ 49. Rxd2 Bxd2 50. Nc6 Kg5 51. h3 d5 52. Ne7 d4 53. Nd5 Ba5 54. Kb3 d3 55. b6 c4+ 56. Kxc4 d2 57. b7 d1=Q 58. b8=Q Qe2+ 59. Kd4 Qd2+ 60. Kc4 Qa2+ 61. Kd4 Qa4+ 62. Kd3 Qd1+ 63. Kc4 Qf1+ 64. Kd4 Qf2+ 65. Kc4 Qc2+ 66. Kd4 Bd2 67. Qg8+ Qg6 68. Qxg6+ Kxg6 69. Nxf6 Kxf6 70. Ke4 1/2-1/2

[Event "15th Avicenna Open Masters 2018"]
[Site "Avicenna"]
[Date "2018.08.17"]
[Round "1"]
[White "Sedaghati, Mehrdad"]
[Black "Pavlov, Sergey"]
[Result "1/2-1/2"]
[ECO "B05"]
[WhiteElo "2228"]
[BlackElo "2496"]
[Annotator "ChessBase"]
[PlyCount "120"]
[EventDate "2018.08.17"]
[EventType "swiss"]
[EventCountry "IRI"]
[SourceTitle "playchess.com"]
[Source "ChessBase"]
[SourceQuality "1"]
[TimeControl "5400+30"]

1. e4 Nf6 2. e5 Nd5 3. d4 d6 4. Nf3 Bg4 5. Be2 c6 6. O-O Bxf3 7. Bxf3 dxe5 8. dxe5 e6 9. a3 Nd7 10. Re1 Qc7 11. Qe2 Bc5 12. c3 a5 13. Bxd5 cxd5 14. Nd2 O-O 15. a4 f6 16. exf6 Rxf6 17. Nf3 e5 18. Be3 e4 19. Nd4 Ne5 20. Qh5 Raf8 21. Rf1 Bxd4 22. Bxd4 Rf5 23. Bxe5 Qxe5 24. Qe2 Rh5 25. f4 exf3 26. Qxe5 Rxe5 27. Rxf3 Rxf3 28. gxf3 Re2 29. Rb1 Rc2 30. b4 axb4 31. Rxb4 Rxc3 32. Rxb7 Rxf3 33. Rd7 Ra3 34. Rxd5 Rxa4 35. Kg2 Rg4+ 36. Kf3 Rg1 37. Rd7 h6 38. Ra7 Kh7 39. Ra6 h5 40. Rb6 g6 41. Rb4 Rf1+ 42. Kg3 g5 43. Rb6 Kg7 44. h4 g4 45. Rb5 Kg6 46. Rb6+ Rf6 47. Rb3 Rc6 48. Kf4 Rc4+ 49. Kg3 Rc5 50. Kf4 Rf5+ 51. Kg3 Kf6 52. Rb6+ Ke5 53. Rh6 Ke4 54. Re6+ Re5 55. Rh6 Ra5 56. Rh8 Ra3+ 57. Kg2 Rd3 58. Rxh5 Kf4 59. Ra5 Rd2+ 60. Kg1 Kg3 1/2-1/2

[Event "15th Avicenna Open Masters 2018"]
[Site "Avicenna"]
[Date "2018.08.17"]
[Round "1"]
[White "Korevand, Sina"]
[Black "Khodashenas, Mersad"]
[Result "0-1"]
[ECO "A45"]
[WhiteElo "2203"]
[BlackElo "2440"]
[Annotator "NA"]
[PlyCount "80"]
[EventDate "2018.08.17"]
[EventType "swiss"]
[EventCountry "IRI"]
[SourceTitle "playchess.com"]
[Source "ChessBase"]
[SourceQuality "1"]
[TimeControl "5400+30"]

1. d4 Nf6 2. Bf4 c5 3. d5 Qb6 4. Nc3 Qxb2 5. Bd2 Qb6 6. e4 d6 7. f4 e5 8. dxe6 Bxe6 9. Nf3 Nc6 10. f5 Bc8 11. Rb1 Qd8 12. Bc4 Be7 13. O-O O-O 14. Bf4 a6 15. a4 Nb4 16. Rf2 b5 17. axb5 axb5 18. Bxb5 Ra3 19. Rb3 Qa5 20. Nd2 Ra1 21. Rb1 Rxb1 22. Qxb1 d5 23. exd5 Nfxd5 24. Nxd5 Nxd5 25. Nc4 Qa7 26. Be5 Bf6 27. Qe1 Qb7 28. Ba4 Bxe5 29. Qxe5 Nf6 30. Re2 Qb1+ 31. Re1 Qb4 32. Bb3 Ba6 33. Nd6 c4 34. Ba2 Qb6+ 35. Kf1 Rd8 36. Nxc4 Qc6 37. Qf4 Rc8 38. Rb1 Nd5 39. Qd4 Bxc4+ 40. Bxc4 Qxc4+ {[%emt 0:00:01] Qd1} 0-1

[Event "15th Avicenna Open Masters 2018"]
[Site "Avicenna"]
[Date "2018.08.17"]
[Round "1"]
[White "Akhgari, Reza"]
[Black "Czebe, Attila"]
[Result "0-1"]
[ECO "A41"]
[WhiteElo "2195"]
[BlackElo "2411"]
[Annotator "NA"]
[PlyCount "164"]
[EventDate "2018.08.17"]
[EventType "swiss"]
[EventCountry "IRI"]
[SourceTitle "playchess.com"]
[Source "ChessBase"]
[SourceQuality "1"]
[TimeControl "5400+30"]

1. d4 d6 2. e4 g6 3. Be3 Nd7 4. Nf3 Ngf6 5. Nbd2 Bg7 6. h3 O-O 7. Bc4 c5 8. c3 cxd4 9. cxd4 d5 10. exd5 Nb6 11. Bb3 Nbxd5 12. O-O Nxe3 13. fxe3 b6 14. Ne5 Bb7 15. Ndf3 Bd5 16. Rc1 Bh6 17. Re1 Rc8 18. Rxc8 Qxc8 19. Bxd5 Nxd5 20. e4 Nb4 21. Qb3 Nc6 22. Rf1 Bf4 23. Nxc6 Qxc6 24. g3 Bb8 25. d5 Qd7 26. Kg2 e6 27. dxe6 fxe6 28. a4 Qd6 29. e5 Qc6 30. Qb5 Qxb5 31. axb5 Rd8 32. Rc1 Kf7 33. Ng5+ Ke7 34. Rc6 Rd2+ 35. Kf3 Rxb2 36. Rxe6+ Kd7 37. Rf6 Bxe5 38. Rf7+ Kd6 39. Rxa7 Rb3+ 40. Ke2 h6 41. Nf7+ Ke6 42. Nxe5 Kxe5 43. Re7+ {[%emt 0:00:30] Ke6 Ra7 [%clk 0:16:45] Ke5 [%clk 0:20:41] Re7+ [%clk 0:13:51]} Kf6 44. Rh7 Rxg3 45. Rxh6 Rb3 46. Rh8 Rxb5 47. Rb8 Kg5 48. Kf3 Rb3+ 49. Kg2 Rb4 50. Kg3 Rb3+ 51. Kg2 Kf6 52. Rb7 g5 53. Rb8 Ke5 54. Rg8 Kf4 55. Rf8+ Ke4 56. Rg8 Kf5 57. Rf8+ Ke6 58. Rg8 Kf6 59. Rb8 Kf7 60. Rb7+ Ke6 61. Rg7 Kf6 62. Rb7 b5 63. Rb8 b4 64. Rb5 Kg6 65. Kh2 Kh5 66. Rb8 Rb1 67. Rb6 g4 68. hxg4+ Kxg4 69. Kg2 Rb2+ 70. Kf1 Kf3 71. Ke1 Ke3 72. Kd1 Kd3 73. Kc1 Kc3 74. Rh6 Kb3 75. Rh3+ Ka2 76. Rh8 Rb1+ 77. Kd2 Kb2 78. Rh2 Rc1 79. Kd3+ Kb3 80. Rh8 Rd1+ 81. Ke2 Rd7 82. Ke1 Kc4 0-1

[Event "15th Avicenna Open Masters 2018"]
[Site "Avicenna"]
[Date "2018.08.18"]
[Round "2"]
[White "Tsomaia, Nikoloz"]
[Black "Tahbaz, Arash"]
[Result "1-0"]
[ECO "B01"]
[WhiteElo "2266"]
[BlackElo "2449"]
[Annotator "RC"]
[PlyCount "101"]
[EventDate "2018.08.17"]
[EventType "swiss"]
[EventCountry "IRI"]
[SourceTitle "playchess.com"]
[Source "ChessBase"]
[SourceQuality "1"]
[TimeControl "5400+30"]

1. e4 d5 2. exd5 Qxd5 3. Nc3 Qa5 4. d4 Nf6 5. Bd3 Nc6 6. Nge2 Bf5 7. Bb5 O-O-O 8. Bxc6 bxc6 9. Bd2 Qa6 10. O-O e6 11. Qc1 h5 12. Re1 h4 13. h3 Be7 14. a3 Nh5 15. Nd1 g5 16. Ne3 Bh7 17. Bb4 c5 18. Bxc5 Bxc5 19. dxc5 f5 20. c4 g4 21. hxg4 fxg4 22. Qc3 h3 23. Rad1 Rdf8 24. Qe5 hxg2 25. b4 Qc6 26. Nd4 Qe4 27. Nxg2 Qxe5 28. Rxe5 Nf4 29. Nxf4 Rxf4 30. Nxe6 Re4 31. Re1 Rxe1+ 32. Rxe1 Bd3 33. Nd4 Bxc4 34. Nc6 a6 35. Re4 Ba2 36. Rxg4 Kd7 37. Nd4 Re8 38. Rg7+ Kd8 39. c6 Re1+ 40. Kh2 Kc8 41. b5 Bd5 42. Rd7 Bc4 43. b6 cxb6 44. Nf5 Re6 45. Ne7+ Rxe7 46. Rxe7 a5 47. Rb7 b5 48. Kg3 b4 49. axb4 a4 50. b5 a3 51. b6 1-0

[Event "15th Avicenna Open Masters 2018"]
[Site "Avicenna"]
[Date "2018.08.18"]
[Round "3"]
[White "Molaei, Mohammadamin"]
[Black "Khoshkalam, Seyed Mehrab"]
[Result "1/2-1/2"]
[ECO "E15"]
[WhiteElo "2377"]
[BlackElo "2182"]
[Annotator "NA"]
[PlyCount "111"]
[EventDate "2018.08.17"]
[EventType "swiss"]
[EventCountry "IRI"]
[SourceTitle "playchess.com"]
[Source "ChessBase"]
[SourceQuality "1"]
[TimeControl "5400+30"]

1. d4 Nf6 2. c4 e6 3. Nf3 b6 4. g3 Ba6 5. b3 Bb4+ 6. Bd2 Be7 7. Nc3 c6 8. Bg2 d5 9. cxd5 cxd5 10. b4 Nbd7 11. b5 Bb7 12. O-O O-O 13. Qb3 Ne4 14. Rfc1 Nd6 15. Nd1 a5 16. Nb2 Ne4 17. Bf4 Bd6 18. Bxd6 Nxd6 19. Rc2 Rc8 20. Rac1 Rxc2 21. Rxc2 Qb8 22. Nd3 Rc8 23. a4 Rxc2 24. Qxc2 Qc8 25. Qxc8+ Bxc8 26. Nd2 Kf8 27. Kf1 Ke7 28. e3 f6 29. Ke2 Nf8 30. h4 h6 31. h5 Bb7 32. Nf4 Kf7 33. Kd3 f5 34. f3 g5 35. hxg6+ Nxg6 36. Nxg6 Kxg6 37. e4 Kg5 38. exf5 Nxf5 39. Nf1 Bc8 40. Bh3 Nxg3 41. Nxg3 Kh4 42. Bxe6 Bxe6 43. Ne2 Kg5 44. Ke3 h5 45. Nf4 Bf7 46. Nd3 h4 47. Nc5 h3 48. Kf2 Kf4 49. Nd3+ Kg5 50. Kg3 Bg6 51. Nc5 Bf5 52. Na6 Bc2 53. Nc7 Bxa4 54. Nxd5 Bxb5 55. Nxb6 a4 56. Nxa4 1/2-1/2

[Event "15th Avicenna Open Masters 2018"]
[Site "Avicenna"]
[Date "2018.08.18"]
[Round "3"]
[White "Hosseinzadeh, Nima"]
[Black "Matinian, Nikita"]
[Result "1/2-1/2"]
[ECO "C95"]
[WhiteElo "2299"]
[BlackElo "2506"]
[Annotator "ChessBase"]
[PlyCount "105"]
[EventDate "2018.08.17"]
[EventType "swiss"]
[EventCountry "IRI"]
[SourceTitle "playchess.com"]
[Source "ChessBase"]
[SourceQuality "1"]
[TimeControl "5400+30"]

1. e4 e5 2. Nf3 Nc6 3. Bb5 a6 4. Ba4 Nf6 5. O-O Be7 6. Re1 b5 7. Bb3 d6 8. c3 O-O 9. h3 Nb8 10. d4 Nbd7 11. Nbd2 Bb7 12. Bc2 Re8 13. Nf1 Bf8 14. Ng3 g6 15. a4 c6 16. Be3 Qc7 17. Bd3 Bg7 18. Qd2 Nf8 19. b4 Ne6 20. a5 Nd7 21. Rad1 Rad8 22. Qc1 c5 23. d5 Nf4 24. Bf1 Rc8 25. Qd2 Qd8 26. Rc1 Qe7 27. c4 bxc4 28. Rxc4 h5 29. bxc5 Nxc5 30. Bxc5 dxc5 31. h4 Red8 32. Qc2 Bf6 33. Nh1 Rc7 34. Rc1 Rdc8 35. Rb1 Rd8 36. g3 Nxd5 37. Rxb7 Rxb7 38. exd5 Rxd5 39. g4 Qd7 40. Ng3 hxg4 41. Nh2 Rd4 42. h5 Kg7 43. hxg6 fxg6 44. Rxc5 Bh4 45. Bxa6 Bxg3 46. Bxb7 Bxh2+ 47. Kxh2 g3+ 48. fxg3 Rd2+ 49. Bg2 Rxc2 50. Rxc2 Qa4 51. Rc7+ Kh6 52. Ra7 e4 53. Re7 1/2-1/2

[Event "15th Avicenna Open Masters 2018"]
[Site "Avicenna"]
[Date "2018.08.18"]
[Round "3"]
[White "Veisi, Bardia"]
[Black "Pavlov, Sergey"]
[Result "1/2-1/2"]
[ECO "B33"]
[WhiteElo "2273"]
[BlackElo "2496"]
[Annotator "RC"]
[PlyCount "71"]
[EventDate "2018.08.17"]
[EventType "swiss"]
[EventCountry "IRI"]
[SourceTitle "playchess.com"]
[Source "ChessBase"]
[SourceQuality "1"]
[TimeControl "5400+30"]

1. e4 c5 2. Nf3 e6 3. d4 cxd4 4. Nxd4 Nf6 5. Nc3 Nc6 6. Ndb5 d6 7. Bf4 e5 8. Bg5 a6 9. Na3 Be6 10. Bxf6 Qxf6 11. Nd5 Qd8 12. Nc4 Be7 13. c3 Rb8 14. a4 Bg5 15. a5 O-O 16. Be2 Ne7 17. Nxe7+ Bxe7 18. O-O Qc7 19. Qd3 Qc5 20. Rfd1 f5 21. exf5 Rxf5 22. Ne3 Rf4 23. g3 Rf7 24. Bg4 Bxg4 25. Nxg4 Rbf8 26. Rd2 Bg5 27. Qxd6 Qc8 28. Nxe5 Rd8 29. Nxf7 Kxf7 30. Qxd8 Bxd8 31. Rd5 Bf6 32. Rad1 Qg4 33. R1d2 Qe4 34. h4 h5 35. Kh2 Be5 36. f4 1/2-1/2

[Event "15th Avicenna Open Masters 2018"]
[Site "Avicenna"]
[Date "2018.08.18"]
[Round "3"]
[White "Tsomaia, Nikoloz"]
[Black "Morchiashvili, Bachana"]
[Result "0-1"]
[ECO "B13"]
[WhiteElo "2266"]
[BlackElo "2382"]
[Annotator "NA"]
[PlyCount "164"]
[EventDate "2018.08.17"]
[EventType "swiss"]
[EventCountry "IRI"]
[SourceTitle "playchess.com"]
[Source "ChessBase"]
[SourceQuality "1"]
[TimeControl "5400+30"]

1. e4 c6 2. d4 d5 3. exd5 cxd5 4. Bd3 Nc6 5. c3 Qc7 6. h3 g6 7. Nf3 Bf5 8. Bxf5 gxf5 9. Na3 e6 10. Nb5 Qd7 11. Bf4 Rc8 12. Qa4 a6 13. Na3 Nge7 14. Nc2 Ng6 15. Bh2 f4 16. O-O Bd6 17. a3 O-O 18. Nb4 Kh8 19. Rae1 Rg8 20. Kh1 Qd8 21. Nd3 Nh4 22. Nxh4 Qxh4 23. f3 Rg5 24. Re2 Rcg8 25. Qd1 Ne7 26. Qe1 Qh6 27. Rff2 Nf5 28. Ne5 Bxe5 29. Rxe5 R5g6 30. Rxf5 exf5 31. Qe5+ Qg7 32. Bxf4 Qxe5 33. dxe5 Rd8 34. Be3 Kg8 35. Bd4 f4 36. a4 b5 37. b4 h6 38. Ra2 bxa4 39. Rxa4 Kh7 40. Ra5 Rc6 41. Kg1 Kg6 42. Kf1 Kf5 43. Ra2 Rg8 44. Ke1 Ke6 45. Kd1 Kd7 46. Ke1 Kc7 47. Kf1 Kb7 48. Ra5 Rcg6 49. Rxd5 Kc6 50. c4 Rxg2 51. Rd6+ Kc7 52. Bf2 R2g6 53. Rd4 Rb8 54. Be1 f6 55. e6 Re8 56. b5 axb5 57. cxb5 Kb6 58. Rd5 Rg5 59. Bf2+ Ka5 60. Be1+ Ka4 61. Rd4+ Kxb5 62. Rxf4 Rxe6 63. Bh4 Rg6 64. Rf5+ Kc6 65. Ra5 Rd6 66. Kf2 Kd7 67. Bg3 Rc6 68. Ra2 Ke6 69. Bf4 Rc5 70. Be3 Rb5 71. Ra6+ Ke5 72. Ra4 Rb2+ 73. Kf1 Rb1+ 74. Kf2 Rh1 75. Rh4 Rh2+ 76. Kf1 Ke6 77. Bf4 Ra2 78. Rg4 Kf5 79. Rh4 Rgg2 80. Be3 Rh2 81. Kg1 Rhe2 82. Rf4+ Kg6 0-1

[Event "15th Avicenna Open Masters 2018"]
[Site "Avicenna"]
[Date "2018.08.18"]
[Round "3"]
[White "Moradi, Amirmasoud"]
[Black "Guliev, Logman"]
[Result "0-1"]
[ECO "B59"]
[WhiteElo "2259"]
[BlackElo "2342"]
[Annotator "NA"]
[PlyCount "78"]
[EventDate "2018.08.17"]
[EventType "swiss"]
[EventCountry "IRI"]
[SourceTitle "playchess.com"]
[Source "ChessBase"]
[SourceQuality "1"]
[TimeControl "5400+30"]

1. e4 c5 2. Nf3 d6 3. d4 cxd4 4. Nxd4 Nf6 5. Nc3 Nc6 6. Be2 e5 7. Nb3 Be7 8. O-O O-O 9. Kh1 a5 10. a4 Nb4 11. f4 Be6 12. f5 Bd7 13. Bf3 Bc6 14. Qe2 h6 15. Be3 d5 16. Rad1 d4 17. Nxd4 exd4 18. Bxd4 Qc7 19. e5 Nd7 20. f6 gxf6 21. Bxc6 Qxc6 22. Qg4+ Kh7 23. exf6 Rg8 24. Qf5+ Rg6 25. Ne4 Bf8 26. Bc3 Ne5 27. h4 Kg8 28. Rf4 Nc4 29. Bd4 Nd6 30. Qxg6+ fxg6 31. f7+ Nxf7 32. Nf6+ Kh8 33. Ne8+ Bg7 34. Nxg7 Kg8 35. Rdf1 Nxc2 36. Bc3 Qd5 37. Rf6 Ne3 38. Rxg6 Nh8 39. Rf3 Qxf3 0-1

[Event "15th Avicenna Open Masters 2018"]
[Site "Avicenna"]
[Date "2018.08.18"]
[Round "3"]
[White "Aghaei, Alireza"]
[Black "Czebe, Attila"]
[Result "1/2-1/2"]
[ECO "A45"]
[WhiteElo "2256"]
[BlackElo "2411"]
[Annotator "NA"]
[PlyCount "76"]
[EventDate "2018.08.17"]
[EventType "swiss"]
[EventCountry "IRI"]
[SourceTitle "playchess.com"]
[Source "ChessBase"]
[SourceQuality "1"]
[TimeControl "5400+30"]

1. d4 Nf6 2. Bg5 e6 3. e4 h6 4. Bxf6 Qxf6 5. c3 d6 6. Bd3 e5 7. Ne2 Qd8 8. O-O Be7 9. f4 O-O 10. Nd2 exd4 11. Nxd4 Re8 12. Qh5 g6 13. Qxh6 Bf8 14. Qg5 Qxg5 15. fxg5 Nc6 16. N2f3 Bg7 17. Rae1 Re7 18. Nc2 Be6 19. a3 Ne5 20. Nxe5 Bxe5 21. Ne3 c6 22. Nc4 b5 23. Nxe5 dxe5 24. Be2 a5 25. Rd1 b4 26. Rd6 bxa3 27. bxa3 Rb8 28. Rxc6 Rb2 29. Bf3 Ra2 30. Rb1 Rxa3 31. Rb8+ Kg7 32. Ra6 a4 33. Rba8 Bb3 34. Ra5 Rc7 35. Kf2 Ra1 36. Kg3 Rxc3 37. Rxe5 Be6 38. Rb5 Rc8 1/2-1/2

[Event "15th Avicenna Open Masters 2018"]
[Site "Avicenna"]
[Date "2018.08.19"]
[Round "4"]
[White "Mosadeghpour, Masoud"]
[Black "Hosseinzadeh, Nima"]
[Result "1/2-1/2"]
[ECO "C80"]
[WhiteElo "2525"]
[BlackElo "2299"]
[Annotator "RC"]
[PlyCount "158"]
[EventDate "2018.08.17"]
[EventType "swiss"]
[EventCountry "IRI"]
[SourceTitle "playchess.com"]
[Source "ChessBase"]
[SourceQuality "1"]
[TimeControl "5400+30"]

1. e4 e5 2. Nf3 Nc6 3. Bb5 a6 4. Ba4 Nf6 5. O-O Nxe4 6. d4 b5 7. Bb3 d5 8. dxe5 Be6 9. Nbd2 Nc5 10. c3 d4 11. Bxe6 Nxe6 12. cxd4 Ncxd4 13. a4 Bc5 14. Ne4 O-O 15. Nxc5 Nxf3+ 16. Qxf3 Nxc5 17. axb5 axb5 18. Bg5 Rxa1 19. Bxd8 Rxf1+ 20. Kxf1 Rxd8 21. Qc6 Ne6 22. g3 g6 23. Qxb5 c5 24. Ke1 Rd4 25. Qb3 Kg7 26. Qc3 Kg8 27. h3 Kg7 28. Ke2 Kg8 29. Ke3 Rb4 30. Qc2 Kg7 31. f4 h5 32. h4 Kg8 33. Kd3 Rd4+ 34. Kc3 Rb4 35. Qg2 Rd4 36. Qf2 Re4 37. f5 gxf5 38. Qxf5 Re3+ 39. Kc4 Rxg3 40. Qxh5 Rg2 41. b3 Rc2+ 42. Kb5 Rb2 43. Qg4+ Kh8 44. Qg3 Rd2 45. Kc6 Rd4 46. Qf3 Rf4 47. Qh5+ Kg7 48. Kd6 c4 49. bxc4 Rxc4 50. Qf3 Rf4 51. Qg2+ Kh7 52. Ke7 Kh8 53. Qc2 Kg7 54. Qc1 Kg8 55. Qc8+ Kg7 56. h5 Kh7 57. Qa8 Kg7 58. Qg2+ Kh7 59. Qg3 Kh8 60. h6 Kh7 61. Qh3 Rf2 62. Qd3+ Kh8 63. Qb1 Rf4 64. h7 Ng5 65. Qc1 Ne6 66. Qc2 Ng5 67. Qc1 Ne6 68. Qh1 Ng5 69. Qh6 Rf5 70. Qh4 Rxe5+ 71. Kf6 Rd5 72. Qc4 Nxh7+ 73. Ke7 Re5+ 74. Kxf7 Rf5+ 75. Ke6 Rf6+ 76. Ke7 Kg7 77. Qg4+ Rg6 78. Qd4+ Rf6 79. Qd5 Kh8 1/2-1/2

[Event "15th Avicenna Open Masters 2018"]
[Site "Avicenna"]
[Date "2018.08.19"]
[Round "4"]
[White "Matinian, Nikita"]
[Black "Veisi, Bardia"]
[Result "1/2-1/2"]
[ECO "B96"]
[WhiteElo "2506"]
[BlackElo "2273"]
[Annotator "ChessBase"]
[PlyCount "84"]
[EventDate "2018.08.17"]
[EventType "swiss"]
[EventCountry "IRI"]
[SourceTitle "playchess.com"]
[Source "ChessBase"]
[SourceQuality "1"]
[TimeControl "5400+30"]

1. e4 c5 2. Nf3 d6 3. d4 cxd4 4. Nxd4 Nf6 5. Nc3 a6 6. Bg5 e6 7. f4 h6 8. Bh4 Qb6 9. a3 Be7 10. Bf2 Qc7 11. Bd3 b5 12. Qe2 Nbd7 13. O-O-O Bb7 14. Rhe1 Nc5 15. Kb1 Rb8 16. Bg3 Qb6 17. e5 dxe5 18. fxe5 Nd5 19. Nxd5 Bxd5 20. c3 Bc4 21. Bxc4 bxc4 22. Rd2 Nd3 23. Rf1 Bxa3 24. Bf2 Bc5 25. Be3 O-O 26. Rf3 Nxe5 27. Rg3 Ng6 28. h4 e5 29. Nf5 Bxe3 30. Nxe3 Nxh4 31. Nxc4 Qb5 32. Qxe5 Nf5 33. Rg4 Rfe8 34. Qxb5 Rxb5 35. b4 h5 36. Rf4 Re1+ 37. Kb2 g5 38. Rff2 Re6 39. Na3 Rbe5 40. Nc4 Rb5 41. Na3 Rbe5 42. Nc4 Rb5 1/2-1/2